 Dungeon Crawl Stone Soup version 0.31.0-12-g77e489cdc1 (webtiles) character file.

Game seed: 14417422339446709562

8 Silvore the Trooper (level 2, -1/24 HPs)
             Began as a Demonspawn Fighter on Feb 14, 2024.
             Slain by a ball python (3 damage)
             ... on level 1 of the Dungeon.
             The game lasted 00:00:19 (227 turns).

Silvore the Trooper (Demonspawn Fighter)             Turns: 227, Time: 00:00:19

Health: -1/24      AC:  6    Str: 16    XL:     2   Next: 0%
Magic:  2/2        EV:  5    Int:  8    God:
Gold:   40         SH:  4    Dex: 12    Spells: 1/1 levels left

rFire   . . .        a - +0 long sword
rCold   . . .        c - +0 buckler
rNeg    . . .        b - +0 scale mail
rPois   .            (no helmet)
rElec   .            (no cloak)
rCorr   .            (no gloves)
SInv    .            (no boots)
Will    .....        (no amulet) Stlth
                     (no ring)
HPRegen 0.24/turn    (no ring)
MPRegen 0.08/turn

%: no passive effects
@: constricted
A: demonic touch 1
a: no special abilities


You were on level 1 of the Dungeon.
You visited 1 branch of the dungeon, and saw 1 of its levels.

You collected 40 gold pieces.

Inventory:

Hand Weapons
 a - a +0 long sword (weapon)
Armour
 b - a +0 scale mail (worn)
 c - a +0 buckler (worn)
Potions
 d - a potion of might
 e - a potion of curing {unknown}
 f - a potion of lignification {unknown}
 g - a potion of brilliance {unknown}


   Skills:
 + Level 3.2 Fighting
 + Level 1.8 Long Blades
 + Level 2.8 Armour
 + Level 2.9 Shields


You had one spell level left.
You didn't know any spells.
Your spell library contained the following spells:

 Spells                   Type           Power      Damage    Failure   Level
 Summon Ice Beast         Ice/Summ       0%         N/A       99%         3
 Summon Mana Viper        Hex/Summ       0%         N/A       100%        5
 Monstrous Menagerie      Summ           0%         N/A       100%        7


Dungeon Overview and Level Annotations

Branches:
Dungeon (1/15)

Altars:


Innate Abilities, Weirdness & Mutations

Your touch may inflict minor irresistible damage on your foes.


Message History

The bat hits you but does no damage. The ball python bites you.
The ball python constricts you. The rat closely misses you.
You block the bat's attack. You block the ball python's attack.
The ball python constricts you. The rat barely misses you.
The ball python bites you.
* * * LOW HITPOINT WARNING * * *
The ball python constricts you. The rat bites you but does no damage.
The bat barely misses you. The bat hits you but does no damage.
The ball python bites you but does no damage.
The ball python constricts you. The rat bites you but does no damage.
The ball python bites you but does no damage.
The ball python constricts you. The bat hits you but does no damage.
The rat barely misses you. The ball python bites you.
* * * LOW HITPOINT WARNING * * *
The ball python constricts you. The bat hits you but does no damage.
The ball python bites you but does no damage.
The ball python constricts you. The rat barely misses you.
The bat barely misses you.
The ball python bites you but does no damage.
The ball python constricts you. You block the rat's attack.
The endoplasm hits you but does no damage.
The bat hits you but does no damage. You block the ball python's attack.
The ball python constricts you.
* * * LOW HITPOINT WARNING * * *
The rat barely misses you. The endoplasm freezes you.
You are frozen.
* * * LOW HITPOINT WARNING * * *
The bat closely misses you.
The ball python bites you but does no damage.
The ball python constricts you. The rat bites you.
* * * LOW HITPOINT WARNING * * *
You block the endoplasm's attack. The ball python completely misses you.
The ball python constricts you. You block the rat's attack.
The endoplasm barely misses you. The ball python bites you.
You die...

#......### ♣ #......#..
.~♣~ ##......#.# ....~
.........#.# ..P.P~
#.##......#.##....P.. .
................... ...
#.########.###.(....
...### #. #.J.......#
#..#### ##.@......#
##.#### #....rbS.....#
###.### #..............
####.##
#...............#####.#
#................#####.
#............. ..######
#............. . ######
#............. ######
#.....


You could see an endoplasm, a bat, a ball python and a rat.

Vanquished Creatures
  2 endoplasms (D:1)
  A giant cockroach (D:1)
  A hobgoblin (D:1)
  2 kobolds (D:1)
  A rat (D:1)
7 creatures vanquished.

Notes
Turn   | Place    | Note
-------+----------+-------------------------------------------
     0 | D:1      | Silvore the Demonspawn Fighter began the quest for the Orb.
     0 | D:1      | Reached XP level 1. HP: 18/18 MP: 1/1
   212 | D:1      | Gained mutation: Your touch may inflict minor irresistible
                  | damage on your foes. [demonic ancestry]
   212 | D:1      | Reached XP level 2. HP: 13/24 MP: 2/2
   227 | D:1      | Slain by a ball python

Illustrated notes

Levels and vault maps discovered:
D:1:      spicycebolla_arrival_xxxplode, layout_basic, serial_bayou_pond_a,
          chequers_garden, st_stairs_6

Action                     || total
---------------------------++-------
  Melee: Long sword        ||    30
 Armour: Scale mail        ||    57
  Dodge: Dodged            ||    35
  Block: Buckler           ||    19
